 Dungeon Crawl Stone Soup version 0.22-a0-40-g3d2f077 (webtiles) character file.

90274 tidbits the Thaumaturge (level 16, 15/122 HPs)
             Began as a Gnoll Necromancer on Jan 4, 2018.
             Was a High Priest of Cheibriados.
             Quit the game on level 2 of the Swamp.
             The game lasted 01:23:49 (7641 turns).

tidbits the Thaumaturge (Gnoll Necromancer)         Turns: 7641, Time: 01:23:50

Health: 15/122     AC: 14    Str: 24 (25) XL:     16   Next: 0%
Magic:  23/31      EV: 19    Int: 35      God:    Cheibriados [*****.]
Gold:   2000       SH:  9    Dex: 30      Spells: 11/37 levels left

rFire    . . .     SeeInvis +   a - +1 scimitar (elec)
rCold    . . .     Gourm    .   D - +0 buckler
rNeg     . . .     Faith    .   B - +0 troll leather armour
rPois    .         Spirit   .   E - +2 helmet {SInv}
rElec    .         Reflect  .   C - +0 cloak
rCorr    .         Harm     .   (no gloves)
MR       +....                  F - +0 pair of boots
Stlth    +++++.....             (no amulet)
HPRegen  1.10/turn              V - +4 ring of evasion
MPRegen  0.22/turn              W - ring of wizardry

@: grasped by roots, very slow
A: distributed training, fangs 1, icy blue scales 1, deterioration 1,
regeneration 1, strong nose
a: Bend Time, Temporal Distortion, Slouch, Step From Time, Renounce Religion


You were on level 2 of the Swamp.
You worshipped Cheibriados.
Cheibriados was extremely pleased with you.
You were hungry.

You visited 5 branches of the dungeon, and saw 26 of its levels.
You also visited: Ice Cave and Volcano.

You collected 2246 gold pieces.
You spent 246 gold pieces at shops.

Inventory:

Hand Weapons
 a - a +1 scimitar of electrocution (weapon)
   (You took it off an orc warrior on level 2 of the Orcish Mines)
 d - a +2 dagger of draining
   (You took it off a big kobold on level 10 of the Dungeon)
 n - a +0 war axe of freezing
   (You found it on level 2 of the Lair of Beasts)
 z - a +0 scimitar of flaming
   (You took it off an efreet on level 13 of the Dungeon)
 H - a +2 long sword of distortion
   (You took it off an orc warlord on level 2 of the Orcish Mines)
 T - a +0 blowgun
Missiles
 l - 10 tomahawks of returning (quivered)
 m - 65 arrows
 Y - a throwing net {!f}
Armour
 y - the +7 Kryia's mail coat {PotionHeal*2 rC+}
   (You found it in an ice cave)

   It protects you from cold.
 B - a +0 troll leather armour (worn)
 C - a +0 cloak (worn)
 D - a +0 buckler (worn)
 E - a +2 helmet of see invisible (worn)
   (You found it in an ice cave)
 F - a +0 pair of boots (worn)
Jewellery
 j - an uncursed ring of flight
   (You found it on level 4 of the Dungeon)
 G - an uncursed ring of protection from cold
   (You found it on level 5 of the Dungeon)
 I - an uncursed ring of see invisible
   (You found it on level 7 of the Dungeon)
 K - an uncursed ring of resist corrosion
   (You found it on level 4 of the Dungeon)
 V - a +4 ring of evasion (left hand)
   (You took it off a kobold on level 3 of the Dungeon)
 W - a ring of wizardry (right hand)
   (You found it on level 3 of the Dungeon)
Wands
 b - a wand of acid (3)
 f - a wand of iceblast (17)
 w - a wand of digging (16)
 L - a wand of disintegration (1)
 S - a wand of paralysis (18)
Scrolls
 e - 4 scrolls of fear
 h - 6 scrolls of teleportation
 k - a scroll of magic mapping
 p - 2 scrolls of fog
 r - 9 scrolls of remove curse
 s - a scroll of amnesia
 t - 3 scrolls of enchant weapon
 u - 2 scrolls of summoning {unknown}
 A - a scroll of vulnerability
 J - 2 scrolls of immolation
 N - 7 scrolls of blinking
 Z - a scroll of torment
Potions
 g - a potion of heal wounds
 q - a potion of might
 v - 2 potions of magic
 M - a potion of flight
 P - 3 potions of brilliance
 R - 4 potions of ambrosia
 X - a potion of curing
Books
 i - a book of Battle
   (You found it on level 2 of the Lair of Beasts)

   Spells                             Type                      Level
   a - Infusion                       Charms                       1
   b - Shroud of Golubria             Charms/Translocation         2
   c - Song of Slaying                Charms                       2
   d - Spectral Weapon                Hexes/Charms                 3
   e - Regeneration                   Charms/Necromancy            3
 O - a book of Beasts
   (You found it on level 1 of the Lair of Beasts)

   Spells                             Type                      Level
   a - Summon Butterflies             Summoning                    1
   b - Call Canine Familiar           Summoning                    3
   c - Summon Ice Beast               Ice/Summoning                4
   d - Summon Mana Viper              Hexes/Summoning              5
   e - Summon Hydra                   Summoning                    7
 Q - a book of Ice
   (You found it in an ice cave)

   Spells                             Type                      Level
   a - Ice Form                       Ice/Transmutation            4
   b - Metabolic Englaciation         Hexes/Ice                    5
   c - Ozocubu's Refrigeration        Ice                          6
   d - Bolt of Cold                   Conjuration/Ice              6
   e - Freezing Cloud                 Conjuration/Ice/Air          6
   f - Simulacrum                     Ice/Necromancy               6
 U - the Reference Book on Icy Darkness
   (You found it on level 6 of the Lair of Beasts)

   Spells                             Type                      Level
   a - Freeze                         Ice                          1
   b - Animate Skeleton               Necromancy                   1
   c - Throw Frost                    Conjuration/Ice              2
   d - Ensorcelled Hibernation        Hexes/Ice                    2
   e - Ice Form                       Ice/Transmutation            4
   f - Summon Ice Beast               Ice/Summoning                4
   g - Death Channel                  Necromancy                   6
Miscellaneous
 o - 2 boxes of beasts
Comestibles
 c - 23 rations


   Skills:
 + Level 10.3 Fighting
 + Level 10.3 Short Blades
 + Level 10.3 Long Blades
 + Level 10.3 Axes
 + Level 10.3 Maces & Flails
 + Level 10.3 Polearms
 + Level 10.3 Staves
 + Level 10.3 Slings
 + Level 10.3 Bows
 + Level 10.3 Crossbows
 + Level 10.3 Throwing
 + Level 10.3 Armour
 + Level 11.2 Dodging
 + Level 11.0 Stealth
 + Level 10.3 Shields
 + Level 10.3 Unarmed Combat
 + Level 11.3 Spellcasting
 + Level 8.7 Conjurations
 + Level 8.7 Hexes
 + Level 8.7 Charms
 + Level 8.7 Summonings
 + Level 11.1 Necromancy
 + Level 8.7 Translocations
 + Level 8.7 Transmutations
 + Level 8.7 Fire Magic
 + Level 8.7 Ice Magic
 + Level 8.7 Air Magic
 + Level 8.7 Earth Magic
 + Level 8.7 Poison Magic
 + Level 11.1 Invocations
 + Level 10.3 Evocations


You had 11 spell levels left.
You knew the following spells:

 Your Spells              Type           Power        Failure   Level  Hunger
d - Vampiric Draining     Necr           #######...   1%          3    None
f - Freezing Cloud        Conj/Ice/Air   ######....   4%          6    ####...
n - Animate Skeleton      Necr           N/A          1%          1    None
r - Regeneration          Chrm/Necr      ######....   1%          3    None
v - Borgnjor's Vile Clut  Necr/Erth      ######....   1%          5    #......
w - Spectral Weapon       Hex/Chrm       ######..     1%          3    None
N - Animate Dead          Necr           N/A          1%          4    None
P - Summon Butterflies    Summ           ######..     1%          1    None


Dungeon Overview and Level Annotations

Branches:
Dungeon (15/15)            Temple (1/1) D:5            Lair (6/6) D:10
  Swamp (2/4) Lair:3       Spider (0/4) Lair:2          Orc (2/2) D:11
    Elf (0/3) Orc:2        Vaults (0/5) D:14
  Slime: Lair:5-6    Depths: D:15

Altars:
Ashenzari
Cheibriados
Dithmenos
Fedhas
Gozag
Hepliaklqana
Okawaru
Qazlal
Ru
Sif Muna
Vehumet
Wu Jian
Xom
Yredelemnul
Zin
The Shining One
Beogh

Shops:
D:4 *   D:12 }   D:13 }   Orc:1 ?   Orc:2 ((%[=

Annotations:
D:3 exclusion: kobold, Grinder
D:14 exclusion: downstairs
D:15 Azrael


Innate Abilities, Weirdness & Mutations

Your experience applies equally to all skills.
You have very sharp teeth.
Your uncanny sense of smell can sniff out nearby items.
You are partially covered in icy blue scales. (AC +2)
Your body sometimes deteriorates upon taking damage.
Your natural rate of healing is unusually fast.


Message History

h - 6 scrolls of teleportation (gained 1)
A spiny frog comes into view.
You see here a scroll of blinking.
N - 7 scrolls of blinking (gained 1)
The spiny frog gives a loud, deep croak!
You enter the shallow water.
Moving in this stuff is going to be slow.
You block the spiny frog's attack. You block the spiny frog's attack.
The spiny frog completely misses you.
You riposte.
You hit the spiny frog.
You bite the spiny frog, but do no damage.
The spiny frog is lightly wounded.
Found a chain mail.
You block the spiny frog's attack. The spiny frog barely misses you.
Casting: Borgnjor's Vile Clutch
Confirm with . or Enter, or press ? or * to list all spells.
Aiming: Borgnjor's Vile Clutch
Press: ? - help, Dir - move target cursor, f - spiny frog
Aim: a spiny frog (lightly wounded) Decaying hands burst forth from the earth!
Zombie hands grab the spiny frog.
The zombie hands constrict the spiny frog!
You block the spiny frog's attack.
Unknown command.
You hit the spiny frog but do no damage.
You bite the spiny frog.
The spiny frog is heavily wounded.
The zombie hands constrict the spiny frog.
The spiny frog closely misses you.
You riposte.
You hit the spiny frog but do no damage.
You bite the spiny frog, but do no damage.
The spiny frog is heavily wounded.
You slash the spiny frog!
The spiny frog is almost dead.
The zombie hands constrict the spiny frog.
You kill the spiny frog!
Cheibriados thoroughly appreciates the change of pace.
You feel your dexterity returning.
You have reached level 16!
You feel stronger.
You see here a leather armour.
A spriggan rider comes into view. It is wielding a spear.
You enter the shallow water.
Moving in this stuff is going to be slow.
A shambling mangrove comes into view.
The shambling mangrove moves out of view.
You enter the shallow water.
Moving in this stuff is going to be slow.
You block the spriggan rider's attack. The spriggan rider misses you.
You block the spriggan rider's attack.
The spriggan rider completely misses you.
You block the spriggan rider's attack. The spriggan rider misses you.
You riposte.
You miss the spriggan rider.
You bite the spriggan rider, but do no damage.
The spriggan rider hits you from afar with a spear.
The shambling mangrove reaches out with a gnarled limb.
Grasping roots rise from the ground around the shambling mangrove!
The spriggan rider completely misses you.
You slash the shambling mangrove!
The shambling mangrove is lightly damaged.
The ground creaks as gnarled roots bulge its surface.
Roots grasp at your feet, making movement difficult.
The spriggan rider hits you from afar with a spear!
You block the shambling mangrove's attack.
Casting: Borgnjor's Vile Clutch
Confirm with . or Enter, or press ? or * to list all spells.
Aiming: Borgnjor's Vile Clutch
Press: ? - help, Dir - move target cursor
Okay, then.
The spriggan rider closely misses you.
You riposte.
You barely miss the spriggan rider. The shambling mangrove hits you!!
The spriggan rider barely misses you.
You riposte.
You slash the spriggan rider!
The spriggan rider is lightly wounded.
Casting: Borgnjor's Vile Clutch
Confirm with . or Enter, or press ? or * to list all spells.
Aiming: Borgnjor's Vile Clutch
Press: ? - help, Dir - move target cursor, f - you Decaying hands burst forth from the earth!
The spriggan rider is unaffected.
Zombie hands grab the shambling mangrove.
The zombie hands constrict the shambling mangrove!
The ground creaks as gnarled roots bulge its surface.
The shambling mangrove barely misses you.
You riposte.
You slash the shambling mangrove!
The shambling mangrove is moderately damaged.
The spriggan rider hits you with a spear!
Your body deteriorates!
You feel weakened.
You hit the shambling mangrove. You bite the shambling mangrove.
The shambling mangrove is moderately damaged.
The zombie hands constrict the shambling mangrove.
The ground creaks as gnarled roots bulge its surface.
The spriggan rider hits you with a spear!
* * * LOW HITPOINT WARNING * * *
The shambling mangrove hits you!!
* * * LOW HITPOINT WARNING * * *
There isn't anything here!
Okay, then.
Unknown command.
Are you sure you want to abandon this character and quit the game? (Confirm with "yes".)

.. . ♣.♣ .♣♣ ♣.. ≈≈.♣♣♣
.. ♣[...♣♣ ♣♣♣♣.♣
♣≈≈.≈♣♣♣ ♣♣♣♣≈♣..♣♣ ♣♣♣
♣.≈....♣♣♣≈♣♣≈♣...♣≈.≈♣
♣♣♣♣.≈≈....♣♣♣≈.f≈≈≈.≈♣
♣≈..[.≈≈≈≈♣..@≈≈≈≈..♣ ♣♣
♣≈≈≈≈♣♣...≈≈i≈≈≈≈≈..≈
.♣♣♣..♣♣♣♣♣♣♣♣≈≈≈≈≈≈.♣♣♣
≈.(♣.....§♣ ♣..≈≈≈....≈
≈≈)♣.≈.≈≈≈♣♣ .♣.≈≈≈≈♣.≈≈
≈≈.♣≈≈.≈≈≈.♣.≈.≈≈≈.≈♣.≈♣
≈..≈≈≈..≈≈≈≈.≈≈≈≈≈≈.♣
♣♣♣≈
≈≈≈≈≈.♣..♣♣♣≈§≈≈≈≈≈.♣
♣≈≈ ≈....≈≈.♣♣ ♣≈≈≈≈≈≈≈♣
♣≈.♣.


You could see a shambling mangrove and a spriggan rider.

Vanquished Creatures
  Rupert (Orc:2)
  Frances (Swamp:2)
  Kirke (D:14)
  2 orc warlords (Orc:2)
  A frost giant (IceCv)
  5 hydras
  Harold (D:10)
  2 vault guards (D:14)
  A centaur warrior (D:14)
  5 two-headed ogres
  2 alligators (Swamp:2)
  10 death yaks
  An orc high priest (Orc:2)
  11 spriggans (Lair:6)
  A fire crab (Volcano)
  An unseen horror (D:13)
  2 swamp dragons
  3 wizards (D:14)
  A lindwurm (Volcano)
  Pikel (D:5)
  7 ugly things
  3 orc sorcerers (Orc:2)
  2 cyclopes
  A manticore (D:13)
  A black mamba (Lair:1)
  12 elephants
  15 spiny frogs
  2 gargoyles (D:14)
  A kobold demonologist (D:13)
  Joseph (D:7)
  3 rime drakes
  A yaktaur (D:14)
  An efreet (D:13)
  6 trolls
  13 polar bears
  A tyrant leech (Swamp:1)
  5 hornets
  A harpy skeleton (D:14)
  8 dream sheep
  3 hippogriffs
  14 blink frogs
  A bog body (Swamp:1)
  A meliai zombie (D:14)
  A shadow (Swamp:1)
  3 hogs (D:14)
  A vampire (D:14)
  A wyvern (D:8)
  3 basilisks
  15 fire bats (Volcano)
  53 yaks
  15 humans (D:14)
  A hungry ghost (D:10)
  5 vampire mosquitoes
  6 swamp worms
  6 wargs
  A soldier ant (D:13)
  4 insubstantial wisps
  14 water moccasins
  A hell hound (Volcano)
  5 porcupines
  31 orc warriors
  4 black bears
  2 swamp drakes (Swamp:1)
  An ice beast (D:6)
  10 ogres
  A phantom (D:11)
  2 slaves (D:5)
  3 boggarts (Lair:6)
  A centaur (D:5)
  18 wolves
  3 crocodiles
  4 big kobolds
  Blork the orc (D:5)
  13 bullfrogs
  A wyvern zombie (D:14)
  4 scorpions
  A wyvern skeleton (D:11)
  The ghost of tof the Skirmisher, a weakling DsMo (D:3)
  An electric eel (Lair:4)
  A howler monkey (D:10)
  2 jellies
  A crimson imp (D:10)
  A bullfrog zombie (D:10)
  19 orc priests
  Crazy Yiuf (D:5)
  A centaur skeleton (D:7)
  6 iguanas
  22 orc wizards
  9 worker ants
  20 adders
  3 shadow imps
  12 white imps (Orc:1)
  2 oozes
  An adder skeleton (D:6)
  2 worms (D:3)
  4 dart slugs
  6 leopard geckos
  80 orcs
  3 giant cockroaches
  6 goblins
  5 hobgoblins
  17 jackals
  4 quokkas
  2 ball pythons (D:2)
  6 bats
  2 frilled lizards
  21 kobolds
  A quokka zombie (D:9)
  6 rats
  A butterfly (Lair:5)
  A fungus (Lair:5)
  A plant (Lair:5)
662 creatures vanquished.

Vanquished Creatures (collateral kills)
  A necromancer (D:14)
  An elephant (Lair:4)
  A centaur zombie (D:14)
  A spiny frog (Lair:4)
  A centaur skeleton (D:9)
  A hornet (Lair:6)
  2 polar bears
  3 blink frogs
  A hippogriff (Lair:4)
  2 spriggans (Lair:6)
  5 yaks
  A wraith (D:13)
  3 humans (D:14)
  A hog (D:14)
  2 vampire mosquitoes (Lair:3)
  2 insubstantial wisps (Swamp:2)
  A black bear (Lair:6)
  2 porcupines
  An ice beast (D:10)
  7 wolves (Lair:6)
  A centaur (D:10)
  A big kobold (D:10)
  A bullfrog (D:14)
  2 howler monkeys (D:10)
  A wyvern simulacrum (D:14)
  An orc priest (Orc:2)
  A worker ant (D:14)
  A hound skeleton (D:4)
  An adder (D:12)
  3 orcs
  2 jackals
  3 kobolds
  A fungus (Lair:1)
58 creatures vanquished.

Vanquished Creatures (others)
  2 polar bears (IceCv)
  A shadow (D:13)
  A yak (IceCv)
  A sky beast (D:5)
  3 wolves (IceCv)
  An adder (D:5)
  2 fungi
  A plant (Lair:2)
12 creatures vanquished.

Grand Total: 732 creatures vanquished

Notes
Turn   | Place    | Note
-------+----------+-------------------------------------------
     0 | D:1      | tidbits the Gnoll Necromancer began the quest for the Orb.
     0 | D:1      | Reached XP level 1. HP: 13/13 MP: 6/6
    87 | D:1      | Reached XP level 2. HP: 12/19 MP: 2/7
    90 | D:1      | Learned a level 1 spell: Animate Skeleton
   342 | D:2      | Reached XP level 3. HP: 12/25 MP: 0/9
   385 | D:2      | Reached skill level 5 in Spellcasting
   391 | D:2      | Learned a level 3 spell: Vampiric Draining
   396 | D:2      | Learned a level 3 spell: Regeneration
   525 | D:3      | Noticed tof's ghost (weakling DsMo)
   591 | D:3      | Killed tof's ghost
   591 | D:3      | Reached skill level 1 in Fighting
   591 | D:3      | Reached skill level 1 in Short Blades
   591 | D:3      | Reached skill level 1 in Long Blades
   591 | D:3      | Reached skill level 1 in Axes
   591 | D:3      | Reached skill level 1 in Maces & Flails
   591 | D:3      | Reached skill level 1 in Polearms
   591 | D:3      | Reached skill level 1 in Staves
   591 | D:3      | Reached skill level 1 in Slings
   591 | D:3      | Reached skill level 1 in Bows
   591 | D:3      | Reached skill level 1 in Crossbows
   591 | D:3      | Reached skill level 1 in Throwing
   591 | D:3      | Reached skill level 1 in Armour
   591 | D:3      | Reached skill level 1 in Shields
   591 | D:3      | Reached skill level 1 in Unarmed Combat
   591 | D:3      | Reached skill level 1 in Invocations
   591 | D:3      | Reached skill level 1 in Evocations
   591 | D:3      | Reached XP level 4. HP: 30/32 MP: 11/11
   629 | D:3      | Reached skill level 1 in Conjurations
   629 | D:3      | Reached skill level 1 in Hexes
   629 | D:3      | Reached skill level 1 in Charms
   629 | D:3      | Reached skill level 1 in Summonings
   629 | D:3      | Reached skill level 1 in Translocations
   629 | D:3      | Reached skill level 1 in Transmutations
   629 | D:3      | Reached skill level 1 in Fire Magic
   629 | D:3      | Reached skill level 1 in Ice Magic
   629 | D:3      | Reached skill level 1 in Air Magic
   629 | D:3      | Reached skill level 1 in Earth Magic
   629 | D:3      | Reached skill level 1 in Poison Magic
   725 | D:3      | Reached XP level 5. HP: 17/37 MP: 1/12
   741 | D:3      | Noticed Grinder
   870 | D:2      | Learned a level 5 spell: Borgnjor's Vile Clutch
   905 | D:5      | Entered Level 5 of the Dungeon
   963 | D:5      | Found a shattered altar of Ashenzari.
   974 | D:4      | Found an opulent altar of Gozag.
   978 | D:4      | Found Gozag's Platinum Reserve.
  1075 | D:4      | Reached XP level 6. HP: 41/44 MP: 8/13
  1081 | D:4      | Reached skill level 2 in Invocations
  1173 | D:4      | Found a blossoming altar of Fedhas.
  1216 | D:5      | Reached skill level 5 in Dodging
  1230 | D:5      | Noticed Blork the orc
  1250 | D:5      | Killed Blork the orc
  1250 | D:5      | Reached skill level 2 in Fighting
  1250 | D:5      | Reached skill level 2 in Short Blades
  1250 | D:5      | Reached skill level 2 in Long Blades
  1250 | D:5      | Reached skill level 2 in Axes
  1250 | D:5      | Reached skill level 2 in Maces & Flails
  1250 | D:5      | Reached skill level 2 in Polearms
  1250 | D:5      | Reached skill level 2 in Staves
  1250 | D:5      | Reached skill level 2 in Slings
  1250 | D:5      | Reached skill level 2 in Bows
  1250 | D:5      | Reached skill level 2 in Crossbows
  1250 | D:5      | Reached skill level 2 in Throwing
  1250 | D:5      | Reached skill level 2 in Armour
  1250 | D:5      | Reached skill level 2 in Shields
  1250 | D:5      | Reached skill level 2 in Unarmed Combat
  1250 | D:5      | Reached skill level 2 in Evocations
  1316 | D:5      | Found a runed door.
  1320 | D:5      | Noticed Crazy Yiuf
  1323 | D:5      | Killed Crazy Yiuf
  1420 | D:6      | Reached XP level 7. HP: 48/50 MP: 11/15
  1489 | D:6      | Reached skill level 2 in Conjurations
  1489 | D:6      | Reached skill level 2 in Hexes
  1489 | D:6      | Reached skill level 2 in Charms
  1489 | D:6      | Reached skill level 2 in Summonings
  1489 | D:6      | Reached skill level 2 in Translocations
  1489 | D:6      | Reached skill level 2 in Transmutations
  1489 | D:6      | Reached skill level 2 in Fire Magic
  1489 | D:6      | Reached skill level 2 in Ice Magic
  1489 | D:6      | Reached skill level 2 in Air Magic
  1489 | D:6      | Reached skill level 2 in Earth Magic
  1489 | D:6      | Reached skill level 2 in Poison Magic
  1505 | D:6      | Reached skill level 5 in Stealth
  1631 | D:6      | Reached skill level 3 in Invocations
  1658 | D:5      | Found a glowing golden altar of the Shining One.
  1739 | D:5      | Reached XP level 8. HP: 56/57 MP: 9/16
  1802 | D:5      | Noticed Pikel
  1809 | D:5      | Killed Pikel
  1809 | D:5      | Reached skill level 3 in Fighting
  1809 | D:5      | Reached skill level 3 in Short Blades
  1809 | D:5      | Reached skill level 3 in Long Blades
  1809 | D:5      | Reached skill level 3 in Axes
  1809 | D:5      | Reached skill level 3 in Maces & Flails
  1809 | D:5      | Reached skill level 3 in Polearms
  1809 | D:5      | Reached skill level 3 in Staves
  1809 | D:5      | Reached skill level 3 in Slings
  1809 | D:5      | Reached skill level 3 in Bows
  1809 | D:5      | Reached skill level 3 in Crossbows
  1809 | D:5      | Reached skill level 3 in Throwing
  1809 | D:5      | Reached skill level 3 in Armour
  1809 | D:5      | Reached skill level 3 in Shields
  1809 | D:5      | Reached skill level 3 in Unarmed Combat
  1809 | D:5      | Reached skill level 6 in Spellcasting
  1809 | D:5      | Reached skill level 3 in Evocations
  1818 | D:5      | Gained mutation: Your body sometimes deteriorates upon taking damage. [potion of mutation]
  1818 | D:5      | Gained mutation: Your natural rate of healing is unusually fast. [potion of mutation]
  1818 | D:5      | Gained mutation: You are partially covered in icy blue scales. (AC +2) [potion of mutation]
  1891 | D:5      | Found a staircase to the Ecumenical Temple.
  1900 | Temple   | Entered the Ecumenical Temple
  1913 | Temple   | Became a worshipper of Cheibriados the Contemplative
  2027 | D:7      | Found a shimmering altar of Xom.
  2036 | D:7      | Noticed Joseph
  2047 | D:7      | HP: 4/58 [Joseph/sling bullet (13)]
  2053 | D:7      | Reached skill level 4 in Invocations
  2057 | D:7      | Reached skill level 3 in Conjurations
  2057 | D:7      | Reached skill level 3 in Hexes
  2057 | D:7      | Reached skill level 3 in Charms
  2057 | D:7      | Reached skill level 3 in Summonings
  2057 | D:7      | Reached skill level 3 in Translocations
  2057 | D:7      | Reached skill level 3 in Transmutations
  2057 | D:7      | Reached skill level 3 in Fire Magic
  2057 | D:7      | Reached skill level 3 in Ice Magic
  2057 | D:7      | Reached skill level 3 in Air Magic
  2057 | D:7      | Reached skill level 3 in Earth Magic
  2057 | D:7      | Reached skill level 3 in Poison Magic
  2059 | D:7      | Reached skill level 6 in Dodging
  2059 | D:7      | Reached XP level 9. HP: 41/65 MP: 3/18
  2062 | D:7      | Killed Joseph
  2220 | D:8      | Reached skill level 4 in Fighting
  2220 | D:8      | Reached skill level 4 in Short Blades
  2220 | D:8      | Reached skill level 4 in Long Blades
  2220 | D:8      | Reached skill level 4 in Axes
  2220 | D:8      | Reached skill level 4 in Maces & Flails
  2220 | D:8      | Reached skill level 4 in Polearms
  2220 | D:8      | Reached skill level 4 in Staves
  2220 | D:8      | Reached skill level 4 in Slings
  2220 | D:8      | Reached skill level 4 in Bows
  2220 | D:8      | Reached skill level 4 in Crossbows
  2220 | D:8      | Reached skill level 4 in Throwing
  2220 | D:8      | Reached skill level 4 in Armour
  2220 | D:8      | Reached skill level 4 in Shields
  2220 | D:8      | Reached skill level 4 in Unarmed Combat
  2220 | D:8      | Reached skill level 4 in Evocations
  2231 | D:8      | Noticed a two-headed ogre
  2241 | D:8      | Killed a two-headed ogre
  2241 | D:8      | Reached skill level 6 in Stealth
  2241 | D:8      | Reached skill level 8 in Necromancy
  2280 | D:9      | Reached * piety under Cheibriados
  2349 | D:9      | Reached skill level 5 in Invocations
  2349 | D:9      | Reached XP level 10. HP: 35/73 MP: 13/20
  2350 | D:9      | Reached skill level 7 in Spellcasting
  2370 | D:9      | Learned a level 4 spell: Animate Dead
  2387 | D:9      | Reached skill level 4 in Conjurations
  2387 | D:9      | Reached skill level 4 in Hexes
  2387 | D:9      | Reached skill level 4 in Charms
  2387 | D:9      | Reached skill level 4 in Summonings
  2387 | D:9      | Reached skill level 4 in Translocations
  2387 | D:9      | Reached skill level 4 in Transmutations
  2387 | D:9      | Reached skill level 4 in Fire Magic
  2387 | D:9      | Reached skill level 4 in Ice Magic
  2387 | D:9      | Reached skill level 4 in Air Magic
  2387 | D:9      | Reached skill level 4 in Earth Magic
  2387 | D:9      | Reached skill level 4 in Poison Magic
  2529 | D:8      | Found a shadowy altar of Dithmenos.
  2558 | D:8      | Reached skill level 5 in Fighting
  2558 | D:8      | Reached skill level 5 in Short Blades
  2558 | D:8      | Reached skill level 5 in Long Blades
  2558 | D:8      | Reached skill level 5 in Axes
  2558 | D:8      | Reached skill level 5 in Maces & Flails
  2558 | D:8      | Reached skill level 5 in Polearms
  2558 | D:8      | Reached skill level 5 in Staves
  2558 | D:8      | Reached skill level 5 in Slings
  2558 | D:8      | Reached skill level 5 in Bows
  2558 | D:8      | Reached skill level 5 in Crossbows
  2558 | D:8      | Reached skill level 5 in Throwing
  2558 | D:8      | Reached skill level 5 in Armour
  2558 | D:8      | Reached skill level 5 in Shields
  2558 | D:8      | Reached skill level 5 in Unarmed Combat
  2558 | D:8      | Reached skill level 5 in Evocations
  2584 | D:8      | Reached ** piety under Cheibriados
  2596 | D:9      | Found a glowing golden altar of the Shining One.
  2618 | D:10     | Entered Level 10 of the Dungeon
  2702 | D:9      | Found an iron altar of Okawaru.
  2780 | D:10     | Noticed a two-headed ogre
  2784 | D:10     | Killed a two-headed ogre
  2784 | D:10     | Reached skill level 7 in Dodging
  2916 | D:11     | Found a staircase to the Orcish Mines.
  2935 | D:11     | Got a ripped robe
  2940 | D:11     | Noticed a two-headed ogre
  2951 | D:11     | Killed a two-headed ogre
  2951 | D:11     | Reached skill level 7 in Stealth
  2951 | D:11     | Reached skill level 6 in Invocations
  3028 | D:10     | Noticed Harold
  3028 | D:10     | Noticed a two-headed ogre
  3037 | D:10     | Killed a two-headed ogre
  3037 | D:10     | Reached XP level 11. HP: 60/81 MP: 5/22
  3038 | D:10     | Killed Harold
  3046 | D:10     | Reached *** piety under Cheibriados
  3155 | D:10     | Reached skill level 6 in Fighting
  3155 | D:10     | Reached skill level 6 in Short Blades
  3155 | D:10     | Reached skill level 6 in Long Blades
  3155 | D:10     | Reached skill level 6 in Axes
  3155 | D:10     | Reached skill level 6 in Maces & Flails
  3155 | D:10     | Reached skill level 6 in Polearms
  3155 | D:10     | Reached skill level 6 in Staves
  3155 | D:10     | Reached skill level 6 in Slings
  3155 | D:10     | Reached skill level 6 in Bows
  3155 | D:10     | Reached skill level 6 in Crossbows
  3155 | D:10     | Reached skill level 6 in Throwing
  3155 | D:10     | Reached skill level 6 in Armour
  3155 | D:10     | Reached skill level 6 in Shields
  3155 | D:10     | Reached skill level 6 in Unarmed Combat
  3155 | D:10     | Reached skill level 6 in Evocations
  3196 | D:10     | Reached skill level 5 in Conjurations
  3196 | D:10     | Reached skill level 5 in Hexes
  3196 | D:10     | Reached skill level 5 in Charms
  3196 | D:10     | Reached skill level 5 in Summonings
  3196 | D:10     | Reached skill level 5 in Translocations
  3196 | D:10     | Reached skill level 5 in Transmutations
  3196 | D:10     | Reached skill level 5 in Fire Magic
  3196 | D:10     | Reached skill level 5 in Ice Magic
  3196 | D:10     | Reached skill level 5 in Air Magic
  3196 | D:10     | Reached skill level 5 in Earth Magic
  3196 | D:10     | Reached skill level 5 in Poison Magic
  3204 | D:10     | Paralysed by a hornet for 3 turns
  3275 | D:12     | Reached skill level 8 in Spellcasting
  3320 | D:12     | Found Savyar's Gadget Emporium.
  3320 | D:12     | Noticed a white ugly thing
  3426 | D:14     | Reached **** piety under Cheibriados
  3457 | D:14     | Noticed a wizard
  3464 | D:14     | Reached skill level 9 in Necromancy
  3464 | D:14     | Reached skill level 7 in Invocations
  3464 | D:14     | Killed a wizard
  3464 | D:14     | Reached skill level 8 in Dodging
  3509 | D:14     | Found a gate to the Vaults.
  3509 | D:14     | Noticed a wizard
  3509 | D:14     | Noticed a wizard
  3509 | D:14     | Noticed a vault guard
  3509 | D:14     | Noticed a necromancer
  3509 | D:14     | Noticed a vault guard
  3513 | D:14     | Killed a necromancer
  3514 | D:14     | Killed a wizard
  3514 | D:14     | Reached skill level 8 in Stealth
  3515 | D:14     | Reached XP level 12. HP: 47/89 MP: 8/24
  3516 | D:14     | Killed a vault guard
  3517 | D:14     | Killed a vault guard
  3573 | D:14     | Reached skill level 7 in Fighting
  3573 | D:14     | Reached skill level 7 in Short Blades
  3573 | D:14     | Reached skill level 7 in Long Blades
  3573 | D:14     | Reached skill level 7 in Axes
  3573 | D:14     | Reached skill level 7 in Maces & Flails
  3573 | D:14     | Reached skill level 7 in Polearms
  3573 | D:14     | Reached skill level 7 in Staves
  3573 | D:14     | Reached skill level 7 in Slings
  3573 | D:14     | Reached skill level 7 in Bows
  3573 | D:14     | Reached skill level 7 in Crossbows
  3573 | D:14     | Reached skill level 7 in Throwing
  3573 | D:14     | Reached skill level 7 in Armour
  3573 | D:14     | Reached skill level 7 in Shields
  3573 | D:14     | Reached skill level 7 in Unarmed Combat
  3573 | D:14     | Reached skill level 7 in Evocations
  3610 | D:15     | Entered Level 15 of the Dungeon
  3610 | D:15     | Noticed Azrael
  3659 | D:14     | HP: 6/91 [cyan ugly thing (16)]
  3663 | D:14     | Reached skill level 6 in Conjurations
  3663 | D:14     | Reached skill level 6 in Hexes
  3663 | D:14     | Reached skill level 6 in Charms
  3663 | D:14     | Reached skill level 6 in Summonings
  3663 | D:14     | Reached skill level 6 in Translocations
  3663 | D:14     | Reached skill level 6 in Transmutations
  3663 | D:14     | Reached skill level 6 in Fire Magic
  3663 | D:14     | Reached skill level 6 in Ice Magic
  3663 | D:14     | Reached skill level 6 in Air Magic
  3663 | D:14     | Reached skill level 6 in Earth Magic
  3663 | D:14     | Reached skill level 6 in Poison Magic
  3695 | D:14     | Noticed a centaur warrior
  3697 | D:14     | Reached ***** piety under Cheibriados
  3708 | D:14     | Reached skill level 8 in Invocations
  3710 | D:14     | Killed a centaur warrior
  3710 | D:14     | Reached skill level 9 in Spellcasting
  3751 | D:14     | Noticed a two-headed ogre
  3755 | D:14     | Killed a two-headed ogre
  3800 | D:14     | Noticed Kirke
  3820 | D:14     | Killed Kirke
  3820 | D:14     | Reached skill level 9 in Dodging
  3922 | D:13     | Reached XP level 13. HP: 98/98 MP: 20/26
  3973 | D:13     | Reached skill level 9 in Stealth
  4148 | D:13     | Found Efysoch's Gadget Shop.
  4159 | D:13     | Reached skill level 8 in Fighting
  4159 | D:13     | Reached skill level 8 in Short Blades
  4159 | D:13     | Reached skill level 8 in Long Blades
  4159 | D:13     | Reached skill level 8 in Axes
  4159 | D:13     | Reached skill level 8 in Maces & Flails
  4159 | D:13     | Reached skill level 8 in Polearms
  4159 | D:13     | Reached skill level 8 in Staves
  4159 | D:13     | Reached skill level 8 in Slings
  4159 | D:13     | Reached skill level 8 in Bows
  4159 | D:13     | Reached skill level 8 in Crossbows
  4159 | D:13     | Reached skill level 8 in Throwing
  4159 | D:13     | Reached skill level 8 in Armour
  4159 | D:13     | Reached skill level 8 in Shields
  4159 | D:13     | Reached skill level 8 in Unarmed Combat
  4159 | D:13     | Reached skill level 8 in Evocations
  4259 | D:12     | Reached ****** piety under Cheibriados
  4321 | Orc:1    | Entered Level 1 of the Orcish Mines
  4348 | Orc:1    | Found a frozen archway.
  4363 | IceCv    | Entered an ice cave
  4465 | IceCv    | Reached skill level 9 in Invocations
  4564 | IceCv    | Reached skill level 10 in Necromancy
  4633 | IceCv    | Noticed a frost giant
  4640 | IceCv    | Reached skill level 7 in Conjurations
  4640 | IceCv    | Reached skill level 7 in Hexes
  4640 | IceCv    | Reached skill level 7 in Charms
  4640 | IceCv    | Reached skill level 7 in Summonings
  4640 | IceCv    | Reached skill level 7 in Translocations
  4640 | IceCv    | Reached skill level 7 in Transmutations
  4640 | IceCv    | Reached skill level 7 in Fire Magic
  4640 | IceCv    | Reached skill level 7 in Ice Magic
  4640 | IceCv    | Reached skill level 7 in Air Magic
  4640 | IceCv    | Reached skill level 7 in Earth Magic
  4640 | IceCv    | Reached skill level 7 in Poison Magic
  4645 | IceCv    | Killed a frost giant
  4660 | IceCv    | Found the +7 Kryia's mail coat {PotionHeal*2 rC+}
  4715 | Orc:1    | Found a dark tunnel.
  4738 | Orc:1    | Learned a level 6 spell: Freezing Cloud
  4739 | Volcano  | Entered a volcano
  4874 | Volcano  | Reached skill level 10 in Spellcasting
  4876 | Volcano  | Reached XP level 14. HP: 106/106 MP: 16/28
  4974 | Orc:2    | Entered Level 2 of the Orcish Mines
  5083 | Orc:1    | Found Jemifriq's Magic Scroll Boutique.
  5108 | Orc:1    | Bought a scroll of random uselessness for 13 gold pieces
  5108 | Orc:1    | Bought a scroll of teleportation for 39 gold pieces
  5108 | Orc:1    | Bought a scroll of blinking for 97 gold pieces
  5108 | Orc:1    | Bought a scroll of enchant armour for 97 gold pieces
  5220 | Orc:2    | Found a roughly hewn altar of Beogh.
  5297 | Orc:2    | Found Egruz's Antique Weapon Emporium.
  5376 | Orc:2    | Found a roughly hewn altar of Beogh.
  5398 | Orc:2    | Found a staircase to the Elven Halls.
  5401 | Orc:2    | Noticed Rupert
  5402 | Orc:2    | Paralysed by Rupert for 7 turns
  5416 | Orc:2    | Killed Rupert
  5416 | Orc:2    | Reached skill level 10 in Dodging
  5440 | Orc:2    | Found a roughly hewn altar of Beogh.
  5443 | Orc:2    | Found Roes's Food Emporium.
  5483 | Orc:2    | Noticed an orc warlord
  5490 | Orc:2    | Reached skill level 9 in Fighting
  5490 | Orc:2    | Reached skill level 9 in Short Blades
  5490 | Orc:2    | Reached skill level 9 in Long Blades
  5490 | Orc:2    | Reached skill level 9 in Axes
  5490 | Orc:2    | Reached skill level 9 in Maces & Flails
  5490 | Orc:2    | Reached skill level 9 in Polearms
  5490 | Orc:2    | Reached skill level 9 in Staves
  5490 | Orc:2    | Reached skill level 9 in Slings
  5490 | Orc:2    | Reached skill level 9 in Bows
  5490 | Orc:2    | Reached skill level 9 in Crossbows
  5490 | Orc:2    | Reached skill level 9 in Throwing
  5490 | Orc:2    | Reached skill level 9 in Armour
  5490 | Orc:2    | Reached skill level 9 in Shields
  5490 | Orc:2    | Reached skill level 9 in Unarmed Combat
  5490 | Orc:2    | Reached skill level 9 in Evocations
  5497 | Orc:2    | Killed an orc warlord
  5541 | Orc:2    | Found a roughly hewn altar of Beogh.
  5542 | Orc:2    | Found Ilyeteam's Jewellery Boutique.
  5645 | Orc:2    | Found a roughly hewn altar of Beogh.
  5709 | Orc:2    | Reached skill level 10 in Stealth
  5711 | Orc:2    | Noticed an orc warlord
  5724 | Orc:2    | Killed an orc warlord
  5733 | Orc:2    | Found Cerepucw's Antique Armour Shop.
  5733 | Orc:2    | Found a roughly hewn altar of Beogh.
  5735 | Orc:2    | Found Xecwigeu's Antique Weapon Boutique.
  5932 | D:10     | Found a staircase to the Lair.
  5939 | Lair:1   | Entered Level 1 of the Lair of Beasts
  5978 | Lair:1   | Reached skill level 10 in Invocations
  6090 | Lair:1   | Learned a level 1 spell: Summon Butterflies
  6372 | Lair:2   | Found a hole to the Spider Nest.
  6483 | Lair:3   | Found a staircase to the Swamp.
  6627 | Lair:5   | Reached skill level 8 in Conjurations
  6627 | Lair:5   | Reached skill level 8 in Hexes
  6627 | Lair:5   | Reached skill level 8 in Charms
  6627 | Lair:5   | Reached skill level 8 in Summonings
  6627 | Lair:5   | Reached skill level 8 in Translocations
  6627 | Lair:5   | Reached skill level 8 in Transmutations
  6627 | Lair:5   | Reached skill level 8 in Fire Magic
  6627 | Lair:5   | Reached skill level 8 in Ice Magic
  6627 | Lair:5   | Reached skill level 8 in Air Magic
  6627 | Lair:5   | Reached skill level 8 in Earth Magic
  6627 | Lair:5   | Reached skill level 8 in Poison Magic
  6633 | Lair:5   | Reached XP level 15. HP: 111/114 MP: 20/29
  6648 | Lair:6   | Entered Level 6 of the Lair of Beasts
  6708 | Lair:6   | Got a pitted ring mail
  6811 | Lair:6   | Identified the +4 ring mail "Idasul" {rC+} (You found it on level 6 of the Lair of Beasts)
  6913 | Lair:6   | Identified the Reference Book on Icy Darkness
  7010 | Lair:6   | Reached skill level 11 in Spellcasting
  7097 | Lair:5   | Learned a level 3 spell: Spectral Weapon
  7142 | Lair:4   | Reached skill level 10 in Fighting
  7142 | Lair:4   | Reached skill level 10 in Short Blades
  7142 | Lair:4   | Reached skill level 10 in Long Blades
  7142 | Lair:4   | Reached skill level 10 in Axes
  7142 | Lair:4   | Reached skill level 10 in Maces & Flails
  7142 | Lair:4   | Reached skill level 10 in Polearms
  7142 | Lair:4   | Reached skill level 10 in Staves
  7142 | Lair:4   | Reached skill level 10 in Slings
  7142 | Lair:4   | Reached skill level 10 in Bows
  7142 | Lair:4   | Reached skill level 10 in Crossbows
  7142 | Lair:4   | Reached skill level 10 in Throwing
  7142 | Lair:4   | Reached skill level 10 in Armour
  7142 | Lair:4   | Reached skill level 10 in Shields
  7142 | Lair:4   | Reached skill level 10 in Unarmed Combat
  7142 | Lair:4   | Reached skill level 10 in Evocations
  7209 | Lair:5   | Reached skill level 11 in Dodging
  7278 | Lair:4   | Reached skill level 11 in Necromancy
  7366 | Swamp:1  | Entered Level 1 of the Swamp
  7376 | Swamp:1  | Reached skill level 11 in Invocations
  7458 | Swamp:2  | Reached skill level 11 in Stealth
  7497 | Swamp:2  | Noticed Frances
  7533 | Swamp:2  | HP: 11/172 [Frances/flail (12)]
  7534 | Swamp:2  | Killed Frances
  7624 | Swamp:2  | Reached XP level 16. HP: 122/122 MP: 22/31
  7641 | Swamp:2  | Quit the game

Vault maps used:
D:1:      lemuel_arrival_funnel, minmay_misc_feat_secret_circle
D:2:      marbit_many_paths, first_ration, minmay_heptomino_w4
D:3:      kennysheep_flooded_box, uniq_grinder, uniq_sigmund
D:4:      nicolae_gozag_zags_fifth_avenue, kennysheep_mini_moat,
          doesnt_xom_only_xom, uniq_duvessa
D:5:      lemuel_doored_altar, ashenzari_conservatory_becter,
          minmay_misc_feat_ornament, elyvilon_altar_1, uniq_crazy_yiuf_cottage,
          uniq_blork_the_orc, uniq_pikel
D:7:      overflow_temple_1_default, uniq_prince_ribbit1, uniq_joseph
D:8:      kennysheep_mini
D:9:      kennysheep_little_box, serial_glass, glass_columns_a, glass_columns_a,
          david_nohive_1, tso_metal_star
D:10:     erik_lair_orcish_takeover, uniq_harold
D:11:     orc_0_dummy, minmay_misc_feat_alley, water_boxes_lemuel
D:12:     serial_shops, shop
D:13:     basic_altar, serial_shops, nicolae_shop_stone, shop, shop,
          minmay_crystal_room, grunt_decor_mini_mirrors
D:14:     grunt_vaults_entry_tiered, minmay_misc_feat_encased, uniq_kirke
D:15:     grunt_enter_depths_magical_seal, nicolae_twisting_strands,
          minmay_misc_feat_diagonals, minmay_misc_feat_x, minmay_misc_feat_room,
          uniq_azrael, uniq_josephine
Temple:   zaba_magenta_temple
Lair:1:   cheibrodos_lair_reptile_den
Lair:2:   spider_nest_entry_a, st_stairs_8, lemuel_fruit_tree,
          lemuel_fruit_fields
Lair:3:   minmay_swamp_entry_swarm
Lair:4:   st_stairs_8, infiniplex_staircase_pool
Lair:5:   minmay_slime_entry_oklob_enclosed, lemuel_fruit_fields,
          minmay_lair_oklob_chamber, lemuel_fruit_fields, lemuel_fruit_fields
Lair:6:   minmay_lair_end_enchanted_forest, minmay_stone_trees_large,
          infiniplex_staircase_pool_2
Swamp:1:  evilmike_swamp_ruin_house_5
Swamp:2:  nicolae_swamp_godswood, uniq_frances
Orc:1:    lightli_volcano_entry_magma_tube, serial_shops, shop_fountains,
          portal_ice_cave_entry_imps
Orc:2:    grunt_orc_community_town_hall, grunt_orc_community_big_house_1,
          grunt_orc_community_big_house_2, grunt_orc_community_house_2,
          grunt_orc_community_house_3, grunt_orc_community_house_1,
          grunt_orc_community_house_1, grunt_orc_community_house_3,
          grunt_orc_community_house_2, serial_shops, nicolae_shop_stone,
          uniq_rupert
IceCv:    ice_cave_caverns_03
Volcano:  volcano_pools

Skill      XL: |  1  2  3  4  5  6  7  8  9 10 11 12 13 14 15 |
---------------+----------------------------------------------+-----
Spellcasting   | 5 6 7 8 9 10 11 | 11.3
Fighting       | 1 2 3 4 5 6 7 8 9 10 | 10.3
Short Blades   | 1 2 3 4 5 6 7 8 9 10 | 10.3
Long Blades    | 1 2 3 4 5 6 7 8 9 10 | 10.3
Axes           | 1 2 3 4 5 6 7 8 9 10 | 10.3
Maces & Flails | 1 2 3 4 5 6 7 8 9 10 | 10.3
Polearms       | 1 2 3 4 5 6 7 8 9 10 | 10.3
Staves         | 1 2 3 4 5 6 7 8 9 10 | 10.3
Slings         | 1 2 3 4 5 6 7 8 9 10 | 10.3
Bows           | 1 2 3 4 5 6 7 8 9 10 | 10.3
Crossbows      | 1 2 3 4 5 6 7 8 9 10 | 10.3
Throwing       | 1 2 3 4 5 6 7 8 9 10 | 10.3
Armour         | 1 2 3 4 5 6 7 8 9 10 | 10.3
Shields        | 1 2 3 4 5 6 7 8 9 10 | 10.3
Unarmed Combat | 1 2 3 4 5 6 7 8 9 10 | 10.3
Invocations    | 1 2 3 4 5 6 7 8 9 10 11 | 11.1
Evocations     | 1 2 3 4 5 6 7 8 9 10 | 10.3
Conjurations   | 1 2 3 4 5 6 7 8 |  8.7
Hexes          | 1 2 3 4 5 6 7 8 |  8.7
Charms         | 1 2 3 4 5 6 7 8 |  8.7
Summonings     | 1 2 3 4 5 6 7 8 |  8.7
Translocations | 1 2 3 4 5 6 7 8 |  8.7
Transmutations | 1 2 3 4 5 6 7 8 |  8.7
Fire Magic     | 1 2 3 4 5 6 7 8 |  8.7
Ice Magic      | 1 2 3 4 5 6 7 8 |  8.7
Air Magic      | 1 2 3 4 5 6 7 8 |  8.7
Earth Magic    | 1 2 3 4 5 6 7 8 |  8.7
Poison Magic   | 1 2 3 4 5 6 7 8 |  8.7
Dodging        | 5 6 7 8 9 10 11 | 11.2
Stealth        | 5 6 7 8 9 10 11 | 11.0
Necromancy     | 8 9 10 11 | 11.1

Action                   |  1- 3 |  4- 6 |  7- 9 | 10-12 | 13-15 | 16-18 || total
-------------------------+-------+-------+-------+-------+-------+-------++-------
Melee: Spear             |    40 |    83 |    77 |       |       |       ||   200
       Bite              |     2 |    14 |    10 |    63 |   164 |     2 ||   255
       Punch             |       |     1 |     2 |       |       |       ||     3
       Quarterstaff      |       |       |    24 |   245 |    50 |       ||   319
       Scimitar          |       |       |       |       |   344 |     2 ||   346
       Dagger            |       |       |       |       |   134 |       ||   134
Throw: Stone             |       |       |       |       |     1 |       ||     1
       Tomahawk          |       |       |       |       |     1 |       ||     1
 Cast: Pain              |    40 |    47 |    33 |    24 |     6 |       ||   150
       Regeneration      |     1 |     2 |     1 |     4 |    14 |       ||    22
       Vampiric Draining |       |     4 |     5 |     1 |       |       ||    10
       Animate Skeleton  |       |     4 |     6 |    11 |    11 |       ||    32
       Borgnjor's Vile C |       |     2 |    12 |    37 |    95 |     1 ||   147
       Animate Dead      |       |       |       |     4 |    16 |       ||    20
       Freezing Cloud    |       |       |       |       |     3 |       ||     3
Invok: Slouch            |       |       |       |       |    15 |       ||    15
Evoke: Wand              |       |       |       |    22 |    14 |       ||    36
       Box of beasts     |       |       |       |     1 |       |       ||     1
  Use: Potion            |     3 |       |     6 |     1 |     6 |       ||    16
       Scroll            |       |     6 |     5 |     3 |    13 |       ||    27
 Stab: Sleeping          |     1 |     2 |     6 |     8 |    39 |       ||    56
       Distracted        |       |       |       |     3 |     6 |       ||     9
       Paralysed         |       |       |       |       |     5 |       ||     5
  Eat: Chunk             |       |     3 |     6 |    12 |     7 |       ||    28
       Ration            |       |       |       |       |     2 |       ||     2
Armor: Robe              |     1 |     9 |    30 |    34 |       |       ||    74
       Troll leather arm |       |       |       |    32 |   147 |       ||   179
       Skin              |       |       |       |       |     9 |       ||     9
Dodge: Dodged            |    11 |    86 |   181 |   343 |   839 |     7 ||  1467
Block: Buckler           |       |       |       |       |   339 |     4 ||   343
       Rpst.: Scimitar   |       |       |       |       |   150 |     4 ||   154

Table legend:
 A = Spawn XP
 B = Non-spawn XP
 C = Spawn XP percentage of total XP
 D = Spawn monster count
 E = Non-spawn monster count
 F = Spawn count percentage of total count
 G = Total turns spent on level
                    A         B        C        D         E        F      G
               +---------+---------+-------+---------+---------+-------+---------
         Total |       0 |  128963 |   0.0 |       0 |     715 |   0.0 |  7641
               +---------+---------+-------+---------+---------+-------+---------
           D:1 |       0 |      22 |   0.0 |       0 |      11 |   0.0 |   269
           D:2 |       0 |      42 |   0.0 |       0 |      17 |   0.0 |   248
           D:3 |       0 |     175 |   0.0 |       0 |      20 |   0.0 |   366
           D:4 |       0 |     111 |   0.0 |       0 |       9 |   0.0 |   305
           D:5 |       0 |    1163 |   0.0 |       0 |      24 |   0.0 |   431
           D:6 |       0 |     581 |   0.0 |       0 |      18 |   0.0 |   341
           D:7 |       0 |     726 |   0.0 |       0 |       9 |   0.0 |   115
           D:8 |       0 |    1449 |   0.0 |       0 |      21 |   0.0 |   283
           D:9 |       0 |    1513 |   0.0 |       0 |      18 |   0.0 |   337
          D:10 |       0 |    4698 |   0.0 |       0 |      36 |   0.0 |   327
          D:11 |       0 |    1640 |   0.0 |       0 |      20 |   0.0 |   294
          D:12 |       0 |    1541 |   0.0 |       0 |      13 |   0.0 |   172
          D:13 |       0 |    6335 |   0.0 |       0 |      30 |   0.0 |   313
          D:14 |       0 |   19090 |   0.0 |       0 |      57 |   0.0 |   540
        Lair:1 |       0 |    4773 |   0.0 |       0 |      23 |   0.0 |   276
        Lair:2 |       0 |    3638 |   0.0 |       0 |      14 |   0.0 |   189
        Lair:3 |       0 |    3164 |   0.0 |       0 |      14 |   0.0 |   207
        Lair:4 |       0 |   11506 |   0.0 |       0 |      38 |   0.0 |   168
        Lair:5 |       0 |   10247 |   0.0 |       0 |      30 |   0.0 |   150
        Lair:6 |       0 |   13644 |   0.0 |       0 |      59 |   0.0 |   437
       Swamp:1 |       0 |    3848 |   0.0 |       0 |      11 |   0.0 |   101
       Swamp:2 |       0 |    7383 |   0.0 |       0 |      18 |   0.0 |   174
         Orc:1 |       0 |    2069 |   0.0 |       0 |      30 |   0.0 |   332
         Orc:2 |       0 |   14580 |   0.0 |       0 |     120 |   0.0 |   750
         IceCv |       0 |   10494 |   0.0 |       0 |      37 |   0.0 |   321
       Volcano |       0 |    4531 |   0.0 |       0 |      18 |   0.0 |   166
               +---------+---------+-------+---------+---------+-------+---------

Table legend:
 A = Turns spent in this place as a percentage of turns spent in the entire game.
 B = Non-inter-level travel turns spent in this place as a percentage of non-inter-level travel turns spent in the entire game.
 C = Inter-level travel turns spent in this place as a percentage of turns spent in this place.
 D = Turns resting spent in this place as a percentage of non-inter-level travel turns spent in this place.
 E = Turns spent auto-exploring this place as a percentage of non-inter-level travel turns spent in this place.
 F = Non-inter-level travel turns spent in this place divided by the number of levels of this place that you've seen.
                   A       B       C       D       E      F
               +-------+-------+-------+-------+-------+----------------------
         Total | 100.0 | 100.0 |   2.3 |   1.2 |   0.0 | 266.7
       Dungeon |  56.8 |  56.4 |   3.0 |   0.0 |   0.0 | 280.9
        Temple |   0.4 |   0.2 |  44.4 |   0.0 |   0.0 |  15.0
          Lair |  18.7 |  19.1 |   0.0 |   0.0 |   0.0 | 237.8
         Swamp |   3.6 |   3.7 |   0.0 |   0.0 |   0.0 | 137.5
  Orcish Mines |  14.2 |  14.1 |   3.0 |   8.7 |   0.0 | 525.0
      Ice Cave |   4.2 |   4.3 |   0.0 |   0.0 |   0.0 | 321.0
       Volcano |   2.2 |   2.2 |   0.0 |   0.0 |   0.0 | 166.0
               +-------+-------+-------+-------+-------+----------------------

Table legend:
 A = Kills in this place as a percentage of kills in entire the game.
 B = Kills by you in this place as a percentage of kills by you in the entire game.
 C = Kills by friends in this place as a percentage of kills by friends in the entire game.
 D = Other kills in this place as a percentage of other kills in the entire game.
 E = Experience gained in this place as a percentage of experience gained in the entire game.
 F = Experience gained in this place divided by the number of levels of this place that you have seen.
                   A       B       C       D       E      F
               +-------+-------+-------+-------+-------+----------------------
         Total | 100.0 | 100.0 | 100.0 | 100.0 | 100.0 | 4605.8
       Dungeon |  42.4 |  41.7 |  49.1 | 100.0 |  30.3 | 2605.7
          Lair |  24.9 |  23.7 |  38.6 |   0.0 |  36.4 | 7828.7
         Swamp |   4.1 |   4.1 |   3.5 |   0.0 |   8.7 | 5615.5
  Orcish Mines |  21.0 |  22.4 |   5.3 |   0.0 |  12.9 | 8324.5
      Ice Cave |   5.2 |   5.3 |   3.5 |   0.0 |   8.1 | 10494.0
       Volcano |   2.5 |   2.7 |   0.0 |   0.0 |   3.5 | 4531.0
               +-------+-------+-------+-------+-------+----------------------

Vault maps used:
D:1:      lemuel_arrival_funnel, minmay_misc_feat_secret_circle
D:2:      marbit_many_paths, first_ration, minmay_heptomino_w4
D:3:      kennysheep_flooded_box, uniq_grinder, uniq_sigmund
D:4:      nicolae_gozag_zags_fifth_avenue, kennysheep_mini_moat,
          doesnt_xom_only_xom, uniq_duvessa
D:5:      lemuel_doored_altar, ashenzari_conservatory_becter,
          minmay_misc_feat_ornament, elyvilon_altar_1, uniq_crazy_yiuf_cottage,
          uniq_blork_the_orc, uniq_pikel
D:7:      overflow_temple_1_default, uniq_prince_ribbit1, uniq_joseph
D:8:      kennysheep_mini
D:9:      kennysheep_little_box, serial_glass, glass_columns_a, glass_columns_a,
          david_nohive_1, tso_metal_star
D:10:     erik_lair_orcish_takeover, uniq_harold
D:11:     orc_0_dummy, minmay_misc_feat_alley, water_boxes_lemuel
D:12:     serial_shops, shop
D:13:     basic_altar, serial_shops, nicolae_shop_stone, shop, shop,
          minmay_crystal_room, grunt_decor_mini_mirrors
D:14:     grunt_vaults_entry_tiered, minmay_misc_feat_encased, uniq_kirke
D:15:     grunt_enter_depths_magical_seal, nicolae_twisting_strands,
          minmay_misc_feat_diagonals, minmay_misc_feat_x, minmay_misc_feat_room,
          uniq_azrael, uniq_josephine
Temple:   zaba_magenta_temple
Lair:1:   cheibrodos_lair_reptile_den
Lair:2:   spider_nest_entry_a, st_stairs_8, lemuel_fruit_tree,
          lemuel_fruit_fields
Lair:3:   minmay_swamp_entry_swarm
Lair:4:   st_stairs_8, infiniplex_staircase_pool
Lair:5:   minmay_slime_entry_oklob_enclosed, lemuel_fruit_fields,
          minmay_lair_oklob_chamber, lemuel_fruit_fields, lemuel_fruit_fields
Lair:6:   minmay_lair_end_enchanted_forest, minmay_stone_trees_large,
          infiniplex_staircase_pool_2
Swamp:1:  evilmike_swamp_ruin_house_5
Swamp:2:  nicolae_swamp_godswood, uniq_frances
Orc:1:    lightli_volcano_entry_magma_tube, serial_shops, shop_fountains,
          portal_ice_cave_entry_imps
Orc:2:    grunt_orc_community_town_hall, grunt_orc_community_big_house_1,
          grunt_orc_community_big_house_2, grunt_orc_community_house_2,
          grunt_orc_community_house_3, grunt_orc_community_house_1,
          grunt_orc_community_house_1, grunt_orc_community_house_3,
          grunt_orc_community_house_2, serial_shops, nicolae_shop_stone,
          uniq_rupert
IceCv:    ice_cave_caverns_03
Volcano:  volcano_pools
